 Dungeon Crawl Stone Soup version 0.28-a0-823-gb444dcf96d (webtiles) character file.

Game seed: 5575332459393859768

5429 Impy the Nimble (level 10, -5/70 HPs)
             Began as a Demonspawn Monk on Nov 9, 2021.
             Was an Elder of Hepliaklqana.
             Slain by an unseen horror (6 damage)
             ... on level 11 of the Dungeon.
             The game lasted 00:37:12 (10351 turns).

Impy the Nimble (Demonspawn Monk)                  Turns: 10351, Time: 00:37:12

Health: -5/70      AC:  7    Str:  9    XL:     10   Next: 40%
Magic:  16/16      EV: 23    Int: 18    God:    Hepliaklqana [****..]
Gold:   1749       SH:  0    Dex: 17    Spells: 14/17 levels left

rFire   + . .      SeeInvis .   r - +4 long sword (venom)
rCold   + . .      Faith    .   (no shield)
rNeg    . . .      Spirit   .   q - +2 robe {rC+}
rPois   .          Reflect  .   s - +0 helmet
rElec   .          Harm     .   j - +1 cloak of the Endless Expanse {Int+6}
rCorr   .          Rampage  .   (no gloves)
Will    .....                   (no boots)
Stlth   ++........              d - amulet of magic regeneration
HPRegen 0.21/turn               g - ring of flight
MPRegen 0.40/turn               n - +4 ring of evasion

@: flying, studying Fire Magic
A: reduced essence, repulsion field 1, demonic guardian 1, spiny 2, weakness
stinger 2, dopey 1, fire resistance 1, robust 1, weak 1
a: Renounce Religion, Recall Ancestor, Ancestor Identity, Transference, Idealise


You were on level 11 of the Dungeon.
You worshipped Hepliaklqana.
Hepliaklqana was greatly pleased with you.
You visited 1 branch of the dungeon, and saw 11 of its levels.

You collected 1749 gold pieces.

Inventory:

Hand Weapons
 p - a +2 whip of freezing
 r - a +4 long sword of venom (weapon)
Armour
 a - a +1 robe
 b - a +2 cloak
 j - the +1 cloak of the Endless Expanse (worn) {Int+6}
   (You found it on level 4 of the Dungeon)

   Int:       It affects your intelligence (+6).
 m - a +0 kite shield
 q - a +2 robe of cold resistance (worn)
 s - a +0 helmet (worn)
Jewellery
 c - a ring of fire
 d - an amulet of magic regeneration (around neck)
 g - a ring of flight (left hand)
 n - a +4 ring of evasion (right hand)
Wands
 h - a wand of polymorph (15)
 i - a wand of acid (2)
 l - a wand of flame (2)
Scrolls
 e - 9 scrolls of identify
 f - 2 scrolls of magic mapping
 k - a scroll of amnesia


   Skills:
 - Level 3.0 Fighting
 * Level 7.5 Long Blades
 - Level 9.0 Dodging
 - Level 1.7 Stealth
 - Level 5.1 Unarmed Combat
 - Level 4.2 Spellcasting
 - Level 3.5 Air Magic
 - Level 6.0 Invocations


You had 14 spell levels left.
You knew the following spells:

 Your Spells              Type           Power      Damage    Failure   Level
a - Magic Dart            Conj           12%        1d3       14%         1
b - Poisonous Vapours     Pois/Air       20%        N/A       11%         2

Your spell library contained the following spells:

 Spells                   Type           Power      Damage    Failure   Level
 Static Discharge         Conj/Air       10%        N/A       11%         2
 Sting                    Tmut/Pois      12%        1d3       14%         1
 Searing Ray              Conj           6%         2d4       22%         2
 Dispel Undead            Necr           3%         3d7       82%         4
 Fulminant Prism          Conj/Hex       1%         3d6       82%         4
 Olgreb's Toxic Radiance  Pois           3%         N/A       82%         4
 Sticky Flame             Conj/Fire      3%         2d3       82%         4


Dungeon Overview and Level Annotations

Branches:
Dungeon (12/15)            Temple (0/1) D:5
   Lair: D:8-11         Orc: D:9-12

Altars:
Ashenzari
Cheibriados
Gozag
Hepliaklqana
Ru
Uskayaw
Vehumet
Wu Jian
Xom
Yredelemnul
The Shining One

Shops:
D:4 **

Annotations:
D:7 2 transporters, exclusion: oklob plant, anonymous's ghost, novice DENe
D:8 1 exclusion


Innate Abilities, Weirdness & Mutations

Your life essence is reduced to manifest your ancestor. (-10% HP)
You are surrounded by a mild repulsion field. (EV +2)
A weak demonic guardian rushes to your aid.
You are mostly covered in sharp spines.
You have a tail ending in a sharp stinger.
You are dopey. (Int -2)
Your flesh is heat resistant. (rF+)
You are robust. (+10% HP)
You are weak. (Str -2)


Message History

The shadow strikes at you from the darkness!
Reactivating autopickup.
You hit the shadow but do no damage.
Your tail-slap misses the shadow.
The shadow barely misses you. Something barely misses you.
The orc closely misses you. The shadow completely misses you.
You slash the orc!
You kill the orc!
Something hits you.
Deactivating autopickup; reactivate with Ctrl-A.
The shadow barely misses you.
You slash the shadow!
The shadow is heavily damaged.
Something hits you.
The shadow slips into darkness.
The shadow flickers and vanishes!
You hit something but do no damage. Something barely misses you.
The shadow strikes at you from the darkness!
Reactivating autopickup.
You hit the shadow but do no damage.
The shadow is heavily damaged.
Something misses you.
The shadow slips into darkness.
The shadow flickers and vanishes!
Deactivating autopickup; reactivate with Ctrl-A.
You closely miss something. Something barely misses you.
The shadow strikes at you from the darkness!
* * * LOW HITPOINT WARNING * * *
A demonic guardian appears!
Reactivating autopickup.
Something hits you.
* * * LOW HITPOINT WARNING * * *
Deactivating autopickup; reactivate with Ctrl-A.
You aren't carrying any potions.
Okay, then.
Aiming: Polymorph
Press: ? - help, Shift-Dir - straight line, f - shadow
Aim: a shadow (heavily damaged, ally target, not susceptible)
The shadow is unaffected.
Something hits you.
You die...

###.##....##....#......#
##...##..........##....#....#
.....................###.[...
....................### .....
....................#####.#..##
.......................... .#.#
...........#.../......... ...
...........##.......$....
...........###@W5..###.$.
..###......####....# ... ..
#o.o...##.).#.## .# ........###
....#[#.# ... ###.# #. #.. #
#... .....


You could see a shadow (ally target) and a friendly quasit (summoned).

Vanquished Creatures
  The ghost of ipx the Slicer, a novice DEIE (D:6)
  An ugly thing (D:9)
  A gargoyle (D:8)
  A troll (D:9)
  Eustachio (D:4)
  A steam dragon (D:8)
  A water moccasin (D:7)
  An acid dragon (D:11)
  2 orc warriors
  2 sky beasts
  4 centaurs
  2 lemures (D:7)
  A kobold brigand (D:9)
  A gnoll sergeant (D:9)
  4 bullfrogs
  A wyvern zombie (D:7)
  A wyvern skeleton (D:7)
  A wight (D:8)
  2 centaur zombies
  4 hounds
  A bullfrog zombie (D:6)
  3 orc priests
  2 bullfrog skeletons
  A centaur skeleton (D:6)
  An iguana (D:5)
  A scorpion zombie (D:5)
  A killer bee zombie (D:7)
  Robin (D:4)
  4 gnolls
  10 adders
  2 dart slugs
  11 orcs
  2 bats
  7 endoplasms
  8 goblins
  6 hobgoblins
  A jackal (D:1)
  2 quokkas
  11 ball pythons
  3 frilled lizards
  3 kobolds
  5 rats
119 creatures vanquished.

Vanquished Creatures (collateral kills)
  Pikel (D:7)
  A hornet (D:8)
  An acid dragon (D:9)
  A water moccasin (D:8)
  An ogre (D:4)
  A lemure (D:7)
  2 bullfrogs
  A wyvern zombie (D:8)
  2 wights (D:8)
  A bullfrog zombie (D:6)
  A jelly (D:4)
  A centaur skeleton (D:7)
  A hound (D:4)
  An orc wizard (D:9)
  A killer bee zombie (D:6)
  A howler monkey zombie (D:7)
  2 adders (D:4)
  A shadow imp (D:7)
  A dart slug (D:1)
  An orc (D:3)
  A giant cockroach (D:1)
  4 goblins
  A hobgoblin (D:1)
  3 jackals (D:1)
  2 kobolds (D:1)
  A quokka (D:4)
  2 frilled lizards
37 creatures vanquished.

Vanquished Creatures (others)
  5 hexers
5 creatures vanquished.

Grand Total: 161 creatures vanquished

Notes
Turn   | Place    | Note
-------+----------+-------------------------------------------
     0 | D:1      | Impy the Demonspawn Monk began the quest for the Orb.
     0 | D:1      | Reached XP level 1. HP: 18/18 MP: 1/1
   192 | D:1      | Found a faded altar of an unknown god.
   196 | D:1      | Prayed at the altar of an unknown god.
   196 | D:1      | Became a worshipper of Hepliaklqana the Forgotten
   196 | D:1      | Reached * piety under Hepliaklqana
   196 | D:1      | Reached ** piety under Hepliaklqana
   197 | D:1      | Remembered your ancestor Mirna as a hexer
   519 | D:1      | Reached skill level 3 in Dodging
   593 | D:1      | Gained mutation: You have a small tail. [demonic ancestry]
   593 | D:1      | Reached XP level 2. HP: 21/21 MP: 2/2
   672 | D:1      | Reached *** piety under Hepliaklqana
   952 | D:1      | Reached XP level 3. HP: 17/26 MP: 3/3
  1924 | D:2      | Found a broken altar of Ashenzari.
  2806 | D:3      | Reached **** piety under Hepliaklqana
  2824 | D:3      | Reached XP level 4. HP: 24/31 MP: 4/4
  3182 | D:4      | Noticed a bullfrog
  3204 | D:4      | Killed a bullfrog
  3205 | D:4      | Reached skill level 4 in Dodging
  3205 | D:4      | Gained mutation: You are partially covered in sharp spines.
                  | [demonic ancestry]
  3205 | D:4      | Reached XP level 5. HP: 12/36 MP: 5/5
  3415 | D:4      | Noticed Eustachio
  3424 | D:4      | Killed Eustachio
  3425 | D:4      | Gained mutation: You are surrounded by a mild repulsion
                  | field. (EV +2) [demonic ancestry]
  3425 | D:4      | Reached XP level 6. HP: 42/42 MP: 5/9
  3525 | D:4      | Reached skill level 5 in Dodging
  3601 | D:4      | Noticed Robin
  3619 | D:4      | Killed Robin
  4023 | D:4      | Found Huxa's General Store.
  4025 | D:4      | Found Wagem's Specific Store.
  4134 | D:4      | Gained mutation: You are mostly covered in sharp spines.
                  | [demonic ancestry]
  4134 | D:4      | Reached XP level 7. HP: 41/46 MP: 11/11
  4136 | D:4      | Identified the +1 cloak of the Endless Expanse {Int+6}
  4618 | D:5      | Entered Level 5 of the Dungeon
  4688 | D:5      | Gained mutation: You are weak. (Str -2) [potion of
                  | mutation]
  4688 | D:5      | Gained mutation: Your flesh is heat resistant. (rF+)
                  | [potion of mutation]
  4688 | D:5      | Gained mutation: You are dopey. (Int -2) [potion of
                  | mutation]
  4688 | D:5      | Gained mutation: You are robust. (+10% HP) [potion of
                  | mutation]
  4780 | D:5      | Found a snail-covered altar of Cheibriados.
  4857 | D:5      | Found a broken altar of Ashenzari.
  4977 | D:5      | Found a staircase to the Ecumenical Temple.
  5167 | D:5      | Found an ornate altar of the Wu Jian Council.
  5173 | D:5      | Found an opulent altar of Gozag.
  5178 | D:5      | Found a sacrificial altar of Ru.
  5226 | D:5      | Reached skill level 6 in Dodging
  5228 | D:5      | Learned a level 1 spell: Magic Dart
  5463 | D:6      | Identified a scroll of acquirement
  5463 | D:6      | Acquired 1176 gold pieces
  5490 | D:6      | Reached ***** piety under Hepliaklqana
  5732 | D:6      | Found a runed translucent gate.
  5732 | D:6      | Found a runed translucent gate.
  5732 | D:6      | Found a runed translucent gate.
  5732 | D:6      | Noticed ipx's ghost (novice DEIE)
  5734 | D:6      | Found a basalt altar of Yredelemnul.
  5742 | D:6      | Reached XP level 8. HP: 48/58 MP: 14/14
  5848 | D:6      | Reached skill level 5 in Unarmed Combat
  6297 | D:6      | Found a shimmering altar of Xom.
  6446 | D:6      | Found Fucsiun's Lightly-Used Armoury.
  6728 | D:6      | Killed ipx's ghost
  6729 | D:6      | Reached skill level 7 in Dodging
  6961 | D:7      | Reached skill level 5 in Invocations
  6969 | D:7      | Found a transporter.
  6987 | D:7      | Reached skill level 8 in Dodging
  7006 | D:7      | Noticed anonymous's ghost (novice DENe)
  7013 | D:7      | Noticed a troll
  7040 | D:7      | Gained mutation: A weak demonic guardian rushes to your
                  | aid. [demonic ancestry]
  7040 | D:7      | Reached XP level 9. HP: 53/63 MP: 15/15
  7090 | D:7      | Found a transporter.
  7097 | D:7      | Noticed an oklob plant
  7123 | D:7      | Learned a level 2 spell: Poisonous Vapours
  7148 | D:7      | Noticed Pikel
  7174 | D:7      | Killed Pikel
  7381 | D:7      | Found a radiant altar of Vehumet.
  7695 | D:8      | Reached skill level 9 in Dodging
  7750 | D:8      | Reached skill level 1 in Long Blades
  8693 | D:8      | Noticed a gargoyle
  8964 | D:8      | Found a hide-covered altar of Uskayaw.
  9040 | D:8      | Killed a gargoyle
  9168 | D:8      | Noticed a gargoyle
  9259 | D:9      | Reached skill level 5 in Long Blades
  9266 | D:9      | Gained mutation: You have a tail ending in a sharp stinger.
                  | [demonic ancestry]
  9266 | D:9      | Reached XP level 10. HP: 50/70 MP: 16/16
  9781 | D:9      | Identified the +15 plate armour "Julukkeg" {rElec rPois
                  | Will-}
  9789 | D:9      | Noticed a white ugly thing
  9814 | D:9      | Killed a white ugly thing
 10225 | D:9      | You are sucked into a shaft and drop 3 floors!
 10255 | D:12     | Noticed a catoblepas
 10349 | D:11     | HP: 2/70 [something (25)]
 10351 | D:11     | Slain by an unseen horror

Illustrated notes

Levels and vault maps discovered:
D:1:      wander_arrival_estate, layout_loops_corners,
          shapermc_ecumenical_altar_hornbeckon, serial_bayou_crossing
D:2:      layout_loops_ring, basic_altar
D:3:      layout_loops_ring, kennysheep_boxes
D:4:      layout_loops_corners, abandoned_shop, nicolae_specific_store,
          minivault_23, st_stairs_10, minmay_snake_closets, uniq_eustachio,
          uniq_robin
D:5:      layout_loops_ring, kennysheep_slug_shrine, ashenzari_altar_1,
          minmay_overflow_temple_star_quad, temple_green, st_stairs_14
D:6:      layout_basic, nicolae_overflow_hidden_temple,
          lemuel_coloured_pillars_altar, nicolae_yredelemnul_ghost_church,
          mainiacjoe_overflow_chevrons, roderic_roman_lattice,
          roderic_serpentine_path, minmay_shop_damaged
D:7:      layout_cave_pools, nicolae_overflow_crystal_walls, nzn_ghost_randoct,
          uniq_pikel
D:8:      cheibrodos_statue_roulette, layout_basic, kennysheep_mini_moat,
          st_stairs_2
D:9:      layout_stronghold
D:11:     layout_cave_pools, serial_shops, nicolae_shop_crystal, minivault_24
D:12:     layout_loops_ring, serial_shops, kennysheep_little_box,
          gammafunk_ghost_grave, minmay_statue_crystal_thing, uniq_josephine

Skill      XL: |  1  2  3  4  5  6  7  8  9 10 |
---------------+-------------------------------+-----
Dodging        | 3 4 5 6 8 9 |  9.0
Unarmed Combat | 3 4 5 |  5.1
Spellcasting   | 2 3 4 |  4.2
Invocations    | 6 |  6.0
Air Magic      | 3 |  3.5
Long Blades    | 5 7 |  7.5
Fighting       | |  3.0
Stealth        | |  1.7

Action                   |  1- 3 |  4- 6 |  7- 9 | 10-12 || total
-------------------------+-------+-------+-------+-------++-------
Melee: Unarmed           |   112 |    70 |   167 |       ||   349
       Tailslap          |    13 |     9 |    42 |    13 ||    77
       Punch             |     2 |       |     3 |     1 ||     6
       Long sword        |       |       |    34 |    60 ||    94
       Whip              |       |       |    16 |       ||    16
 Cast: Magic Dart        |       |       |     1 |       ||     1
       Poisonous Vapours |       |       |     2 |       ||     2
Invok: Ancestor Life: He |     1 |       |       |       ||     1
       Idealise          |       |       |     4 |       ||     4
       Transference      |       |       |     1 |       ||     1
Evoke: Wand              |       |       |     1 |     3 ||     4
  Use: Potion            |     3 |     2 |     5 |     3 ||    13
       Scroll            |     5 |       |    15 |     1 ||    21
 Stab: Sleeping          |     6 |     4 |    10 |       ||    20
       Confused          |     3 |     1 |     4 |     1 ||     9
       Distracted        |       |     3 |     1 |     1 ||     5
Armor: Robe              |    30 |    14 |    38 |    22 ||   104
       Skin              |       |     2 |       |       ||     2
Dodge: Dodged            |    60 |    53 |   179 |    90 ||   382

Table legend: (Time is in decaauts)
 A = Elapsed time spent in this place.
 B = Non-inter-level travel time spent in this place.
 C = Inter-level travel time spent in this place.
 D = Time resting spent in this place.
 E = Time spent auto-exploring this place.
 F = Levels seen in this place.
 G = Mean time per level.
                   A        B        C        D        E       F      G
               +--------+--------+--------+--------+--------+-----+--------+
         Total |  10396 |  10145 |    251 |      0 |   8616 |  11 |  945.1 |
       Dungeon |  10396 |  10145 |    251 |      0 |   8616 |  11 |  945.1 |
               +--------+--------+--------+--------+--------+-----+--------+

Top non-repeatable levels by time:
     D:1: 1641 daAuts
     D:6: 1547 daAuts
     D:4: 1420 daAuts
     D:8: 1410 daAuts
     D:9: 980 daAuts
     D:7: 959 daAuts
     D:2: 788 daAuts
     D:5: 769 daAuts
     D:3: 753 daAuts
    D:11: 75 daAuts
    D:12: 50 daAuts
